 Dungeon Crawl Stone Soup version 0.31-a0-437-g7cee417757 (webtiles) character file.

Game seed: 11547095563523690373

653 AdnanSaban the Covered (level 7, -4/44 HPs)
             Began as a Gargoyle Fighter on Aug 2, 2023.
             Slain by an iguana (11 damage)
             ... on level 4 of the Dungeon.
             The game lasted 00:05:02 (4025 turns).

AdnanSaban the Covered (Gargoyle Fighter)           Turns: 4025, Time: 00:05:02

Health: -4/44      AC: 15    Str: 22    XL:     7   Next: 54%
Magic:  7/7        EV:  8    Int:  8    God:
Gold:   234        SH:  4    Dex:  9    Spells: 6/6 levels left

rFire   . . .        k - +1 whip (elec)
rCold   . . .        c - +0 buckler
rNeg    + . .        A - +0 chain mail
rPois   ∞            t - +0 helmet
rElec   +            (no cloak)
rCorr   .            (no gloves)
SInv    +            (no boots)
Will    .....        (no amulet) Stlth
                     q - ring of see invisible
HPRegen 0.27/turn    (no ring)
MPRegen 0.10/turn

%: no passive effects
@: no status effects
A: sickness immunity, AC +4, negative energy resistance 1, electricity
resistance, torment resistance 1, petrification resistance
a: no special abilities


You were on level 4 of the Dungeon.
You visited 1 branch of the dungeon, and saw 4 of its levels.

You collected 234 gold pieces.

Inventory:

Hand Weapons
 k - a +1 whip of electrocution (weapon)
Missiles
 f - 10 darts of dispersal
 s - 3 throwing nets
 v - 3 javelins
 y - a boomerang
 z - 6 atropa-tipped darts
Armour
 c - a +0 buckler (worn)
 t - a +0 helmet (worn)
 A - a +0 chain mail (worn)
Jewellery
 q - a ring of see invisible (left hand)
Wands
 w - a wand of charming (8)
 x - a wand of flame (23)
Scrolls
 a - a scroll of brand weapon {unknown}
 e - 3 scrolls of noise {unknown}
 g - a scroll of amnesia {unknown}
 h - 9 scrolls of identify {unknown}
 i - a scroll of poison {unknown}
 m - a scroll of fear {unknown}
 n - 3 scrolls of torment {unknown}
 o - a scroll of teleportation {unknown}
 p - a scroll of fog {unknown}
 r - a scroll of enchant weapon {unknown}
Potions
 b - a potion of berserk rage {unknown}
 d - 2 potions of might
 j - a potion of enlightenment {unknown}
 l - 2 potions of curing {unknown}


   Skills:
 + Level 4.6 Fighting
 + Level 5.0 Maces & Flails
 + Level 5.1 Armour
 + Level 2.2 Dodging
 + Level 0.4 Stealth
 + Level 4.7 Shields


You had 6 spell levels left.
You didn't know any spells.
Your spell library contained the following spells:

 Spells                   Type           Power      Damage    Failure   Level
 Magic Dart               Conj           0%         1d3       97%         1
 Call Imp                 Summ           0%         N/A       99%         2
 Lesser Beckoning         Tloc           0%         N/A       99%         2
 Gell's Gravitas          Tloc           0%         N/A       100%        3
 Mephitic Cloud           Conj/Pois/Air  0%         N/A       100%        3
 Teleport Other           Tloc           0%         N/A       100%        3


Dungeon Overview and Level Annotations

Branches:
Dungeon (4/15)
 Temple: D:4-7

Altars:
Gozag

Shops:
D:4 *

Annotations:
D:3 1 runed translucent door, Crazy Yiuf
D:4 Edmund


Innate Abilities, Weirdness & Mutations

You are immune to sickness and miasma.
Your stone body is resilient. (AC +4)
You are immune to poison.
You resist negative energy. (rN+)
You are resistant to electric shocks. (rElec)
You are resistant to unholy torment.
You are immune to petrification.


Message History

There is an open door here.
Things that are here:
a +0 dagger; 3 stones The iguana hisses menacingly.
Edmund attacks as you move away!
Edmund hits you with a +2 flail of draining.
Edmund attacks as you move away!
Edmund hits you with a +2 flail of draining.
Edmund attacks as you move away! Edmund hits you but does no damage.
Edmund attacks as you move away!
Edmund hits you with a +2 flail of draining!
You hit Edmund.
Edmund is lightly wounded.
Edmund hits you with a +2 flail of draining.
You hit Edmund but do no damage.
Edmund is lightly wounded.
Edmund hits you but does no damage.
You hit Edmund.
Edmund is lightly wounded.
Edmund barely misses you.
The iguana bites you but does no damage.
You barely miss Edmund.
Edmund is lightly wounded.
The iguana closely misses you. Edmund completely misses you.
You barely miss Edmund.
Edmund is lightly wounded.
You hit Edmund but do no damage.
Edmund is lightly wounded.
Edmund hits you but does no damage. The iguana bites you!
You hit Edmund.
Edmund is lightly wounded.
Edmund hits you with a +2 flail of draining!
* * * LOW HITPOINT WARNING * * *
You block the iguana's attack.
You hit Edmund but do no damage.
Edmund is lightly wounded.
Edmund hits you with a +2 flail of draining.
* * * LOW HITPOINT WARNING * * *
The iguana bites you!
You die...

###....######......).......#
.#######....#.......#######......
.#..........#.............#......
.#..........#....#........#......
.#..........'....#..##....#......
.####'##...##....#..##....#......
.......#...#.....#..##....#####..
.......#...#...l@#..#......# #..
.......#...#....@#..#......# #..
.......#.###.....#..#......# #..
#.....####.......#..#..#..## #..
+.....# #.....).########## #..
#.....+ #.......# #..
#.....##+#.......# #..
.................# ###
.......).........#
.................#


You could see Edmund and an iguana.

Vanquished Creatures
  A gnoll sergeant (D:3)
  A howler monkey (D:3)
  A gnoll bouda (D:3)
  An orc priest (D:3)
  A hound (D:4)
  Jessica (D:3)
  Ijyb (D:3)
  An orc wizard (D:3)
  Robin (D:3)
  21 gnolls
  3 adders
  3 worms
  2 dart slugs (D:1)
  15 orcs (D:3)
  11 bats
  3 endoplasms
  4 giant cockroaches
  18 goblins
  10 hobgoblins
  13 jackals (D:3)
  2 quokkas (D:3)
  4 ball pythons
  4 frilled lizards
  5 kobolds
  6 rats
133 creatures vanquished.

Notes
Turn   | Place    | Note
-------+----------+-------------------------------------------
     0 | D:1      | AdnanSaban the Gargoyle Fighter began the quest for the
                  | Orb.
     0 | D:1      | Reached XP level 1. HP: 14/14 MP: 1/1
   216 | D:1      | Found a faded altar of an unknown god.
   275 | D:1      | Reached XP level 2. HP: 18/19 MP: 2/2
   706 | D:1      | Reached XP level 3. HP: 24/24 MP: 3/3
  1372 | D:2      | Reached XP level 4. HP: 29/29 MP: 4/4
  1734 | D:3      | Reached XP level 5. HP: 33/33 MP: 5/5
  1830 | D:3      | Noticed Robin
  1878 | D:3      | Killed Robin
  2001 | D:3      | Noticed Jessica
  2004 | D:3      | Killed Jessica
  2213 | D:3      | Reached skill level 1 in Dodging
  2213 | D:3      | Reached XP level 6. HP: 38/38 MP: 6/6
  2611 | D:3      | Noticed Ijyb
  2617 | D:3      | Killed Ijyb
  2649 | D:3      | Reached XP level 7. HP: 34/43 MP: 7/7
  2898 | D:3      | Found an opulent altar of Gozag.
  2980 | D:3      | Found a runed translucent door.
  2981 | D:3      | Noticed Crazy Yiuf
  3041 | D:3      | Reached skill level 5 in Armour
  3820 | D:4      | Reached skill level 5 in Maces & Flails
  3896 | D:4      | Found Roelekish's General Store.
  3987 | D:4      | Noticed Edmund
  4025 | D:4      | Slain by an iguana

Illustrated notes

Levels and vault maps discovered:
D:1:      roderic_crop_circles_arrival_small, layout_basic,
          ebering_ecumenical_altar_sacrificial, minmay_quantized
D:2:      wad_crossroads, layout_basic
D:3:      lemuel_castle_with_subvaults [lemuel_castle_interior_carwin_3],
          layout_loops_ring, nicolae_gozag_cash_rules_everything_around_me,
          gup_sewer_entry_bowl, corexii_item_surrounded_by_moat, uniq_robin,
          uniq_ijyb, uniq_jessica, uniq_crazy_yiuf_cottage
D:4:      layout_gridville, kennysheep_little_box, serial_shops, shop,
          amcnicky_mini_pool_small, uniq_edmund, uniq_natasha

Skill      XL: |  1  2  3  4  5  6  7 |
---------------+----------------------+-----
Armour         | 4 5 |  5.1
Maces & Flails | 3 4 5 |  5.0
Fighting       | 4 |  4.6
Shields        | 4 |  4.7
Dodging        | 1 2 |  2.2
Stealth        | |  0.4

Action                     |  1- 3 |  4- 6 |  7- 9 || total
---------------------------+-------+-------+-------++-------
  Melee: Flail             |   104 |       |       ||   104
         Whip              |    60 |   228 |   104 ||   392
 Armour: Scale mail        |    51 |   106 |    21 ||   178
         Chain mail        |       |       |    18 ||    18
  Dodge: Dodged            |    52 |    95 |    25 ||   172
  Block: Buckler           |    20 |    31 |    18 ||    69

Table legend: (Time is in decaauts)
 A = Elapsed time spent in this place.
 B = Non-inter-level travel time spent in this place.
 C = Inter-level travel time spent in this place.
 D = Time resting spent in this place.
 E = Time spent auto-exploring this place.
 F = Levels seen in this place.
 G = Mean time per level.
                   A        B        C        D        E       F      G
               +--------+--------+--------+--------+--------+-----+--------+
         Total |   4054 |   3861 |    193 |    153 |   2687 |   4 | 1013.5 |
       Dungeon |   4054 |   3861 |    193 |    153 |   2687 |   4 | 1013.5 |
               +--------+--------+--------+--------+--------+-----+--------+

Top non-repeatable levels by time:
     D:3: 1907 daAuts
     D:2: 974 daAuts
     D:1: 855 daAuts
     D:4: 317 daAuts
